 Dungeon Crawl Stone Soup version 0.29.1-1-gd02db6906a (webtiles) character file.

Game seed: 17122577841760356568

30 tardwrangler69 the Chopper (level 3, 0/33 HPs)
             Began as a Minotaur Chaos Knight on Sept 28, 2022.
             Was a Plaything of Xom.
             Succumbed to an adder's poison
             ... on level 2 of the Dungeon.
             The game lasted 00:00:47 (619 turns).

tardwrangler69 the Chopper (Minotaur Chaos Knight)   Turns: 619, Time: 00:00:47

Health: 0/33       AC:  6    Str: 18    XL:     3   Next: 5%
Magic:  2/2        EV: 11    Int:  9    God:    Xom [..*...]
Gold:   70         SH:  0    Dex:  9    Spells: 2/2 levels left

rFire   . . .      SeeInvis .   a - +0 hand axe (chaos)
rCold   . . .      Faith    .   (no shield)
rNeg    . . .      Spirit   .   b - +2 leather armour
rPois   .          Reflect  .   (helmet restricted)
rElec   .          Harm     .   d - +0 cloak
rCorr   .          Rampage  .   (no gloves)
Will    .....                   (no boots)
Stlth   +.........              (no amulet)
HPRegen 0.11/turn               (no ring)
MPRegen 0.08/turn               (no ring)

@: lethally poisoned (0 -> -5), attractive
A: horns 2, retaliatory headbutt
a: Renounce Religion


You were on level 2 of the Dungeon.
You worshipped Xom.
You were a toy of Xom.
You visited 1 branch of the dungeon, and saw 2 of its levels.

You collected 70 gold pieces.

Inventory:

Hand Weapons
 a - a +0 hand axe of chaos (weapon)
Armour
 b - a +2 leather armour (worn)
 d - a +0 cloak (worn)
Scrolls
 e - a scroll of enchant armour {unknown}
Potions
 h - a potion of invisibility {unknown}
Miscellaneous
 c - a piece from Xom's chessboard (15/15) (quivered)


   Skills:
 + Level 4.1 Fighting
 * Level 4.7 Axes
 - Level 2.4 Armour
 - Level 1.1 Dodging


You had 2 spell levels left.
You didn't know any spells.
Your spell library was empty.

Dungeon Overview and Level Annotations

Branches:
Dungeon (2/15)

Altars:


Innate Abilities, Weirdness & Mutations

You have a pair of horns on your head.
You reflexively headbutt those who attack you in melee.


Message History

The adder hisses angrily.
Something bites you.
You miss the adder. Your headbutt misses the adder. You closely miss something.
Something bites you. The adder bites you but does no damage.
Something bites you.
You are poisoned.
Something poisons you! The adder bites you but does no damage.
You barely miss the adder. You miss something.
You feel sick. Something bites you but does no damage.
The adder bites you but does no damage. Something bites you but does no damage.
You miss the adder. You miss something.
You feel sick. Something bites you but does no damage. The adder bites you.
You are more poisoned.
The adder poisons you! Something bites you but does no damage.
The adder barely misses you.
You hit something. You freeze something. You hit the adder.
You freeze the adder.
You feel sick. Something bites you.
You are lethally poisoned!
Something poisons you! The adder closely misses you. You furiously retaliate!
You headbutt the adder. Something bites you.
* * * LOW HITPOINT WARNING * * *
* * * LOW HITPOINT WARNING * * *
You feel very sick. The adder misses you.
Something bites you but does no damage.
* * * LOW HITPOINT WARNING * * *
You feel sick. The adder closely misses you. You furiously retaliate!
You headbutt the adder.
You kill the adder!
You have reached level 3!
Your experience leads to an increase in your attributes!
Increase (S)trength, (I)ntelligence, or (D)exterity?
You feel stronger. x2
It was a potion of attraction.
You feel attractive to monsters.
Xom thinks this is hilarious!
* * * LOW HITPOINT WARNING * * *
You feel sick.
It was a potion of magic.
Magic courses through your body.
You die...
Xom giggles madly!

#.# #.# ##. #.# #.. #.#
# #.# # #.# #.#.# .#
####.# .#.##.# ##.##.#
.....##
####.<.#.#######.#...###
+.............@.........
###....#########.#...###
#.#.## #.........# #.###
#.###.###.# #.# #.# #
#.# #?# #.# #.# #####.#
... ......# #.#


There were no monsters in sight!

Vanquished Creatures
  An adder (D:2)
  A worm (D:2)
  An endoplasm (D:1)
  A giant cockroach (D:1)
  A goblin (D:1)
  3 hobgoblins (D:1)
  3 jackals (D:1)
  2 kobolds (D:1)
  A quokka (D:1)
  2 rats (D:1)
16 creatures vanquished.

Notes
Turn   | Place    | Note
-------+----------+-------------------------------------------
     0 | D:1      | tardwrangler69 the Minotaur Chaos Knight began the quest
                  | for the Orb.
     0 | D:1      | Reached XP level 1. HP: 19/19 MP: 0/0
   161 | D:1      | Reached XP level 2. HP: 27/27 MP: 1/1
   250 | D:1      | XOM: silly message
   564 | D:2      | XOM: noise
   609 | D:2      | XOM: divination: detect items
   610 | D:2      | XOM: enchant monster (bad)
   618 | D:2      | Reached XP level 3. HP: 2/33 MP: 2/2
   618 | D:2      | HP: 1/33 [poisoned by an adder]
   619 | D:2      | Succumbed to an adder's poison

Illustrated notes

Levels and vault maps discovered:
D:1:      lordsloth_arrival_two_stooges, layout_rooms, minmay_misc_feat_tiny,
          grunt_decor_cap, chequers_serial_rivers_micro_b
D:2:      layout_loops_corners, chequers_ecumenical_altar_simple_redux,
          serial_shops, nicolae_shop_stone

Skill      XL: |  1  2 |
---------------+-------+-----
Axes           | 4 |  4.7
Fighting       | 4 |  4.1
Armour         | |  2.4
Dodging        | |  1.1

Action                   || total
-------------------------++-------
Melee: Hand axe          ||    33
       Headbutt          ||     3
  Use: Potion            ||     2
Armor: Leather armour    ||    22
Dodge: Dodged            ||    22
